 Dungeon Crawl Stone Soup version 0.26-a0-845-gfacbca91cf (webtiles) character file.

Game seed: 4416185651898804270

50 Bobsilian the Stinger (level 3, -5/21 HPs)
             Began as an Octopode Venom Mage on Nov 19, 2020.
             Shot with a stone by a goblin (8 damage)
             ... on level 3 of the Dungeon.
             The game lasted 00:22:10 (4688 turns).

Bobsilian the Stinger (Octopode Venom Mage)         Turns: 4688, Time: 00:22:10

Health: -5/21      AC:  1    Str:  7    XL:     3   Next: 79%
Magic:  5/6        EV: 13    Int: 18    God:
Gold:   152        SH:  0    Dex: 12    Spells: 6/7 levels left

rFire    x . .     SeeInvis .   (no weapon)
rCold    + . .     Faith    .   (no shield)
rNeg     . . .     Spirit   .   (helmet restricted)
rPois    .         Reflect  .   (no amulet)
rElec    .         Harm     .   l - ring of ice
rCorr    .         Rampage  .   (no ring)
MR       .....                  (no ring)
Stlth    +++.......             (no ring)
HPRegen  0.07/turn              (no ring)
MPRegen  0.10/turn              (no ring)
                                (no ring)
                                (no ring)

@: no status effects
A: almost no armour, stealthy swim, amphibious, 8 rings, constrict 8, camouflage
1, gelatinous body 1
a: no special abilities


You were on level 3 of the Dungeon.
You visited 1 branch of the dungeon, and saw 3 of its levels.

You collected 152 gold pieces.

Inventory:

Hand Weapons
 f - a +0 short sword
Missiles
 c - 61 stones (quivered)
 d - 17 arrows
 g - 17 poisoned darts
 j - 7 boomerangs
 n - a throwing net
 u - 13 bolts
Armour
 t - a +2 helmet
Jewellery
 l - a ring of ice (left tentacle)
Scrolls
 a - a scroll of enchant weapon {unknown}
 b - 3 scrolls of remove curse {unknown}
 e - 2 scrolls of identify {unknown}
 h - a scroll of magic mapping {unknown}
 q - a scroll of fear {unknown}
 r - a scroll of blinking {unknown}
 s - a scroll of teleportation {unknown}
Potions
 i - a potion of mutation {unknown}
 k - 2 potions of might {unknown}
 m - a potion of lignification {unknown}
 o - 2 potions of curing {unknown}
 p - a potion of attraction {unknown}


   Skills:
 + Level 0.2 Fighting
 + Level 2.1 Dodging
 - Level 2.7 Stealth
 - Level 0.2 Unarmed Combat
 + Level 2.5 Spellcasting
 - Level 1.4 Transmutations
 + Level 4.6 Poison Magic


You had 6 spell levels left.
You knew the following spells:

 Your Spells              Type           Power        Failure   Level
a - Sting                 Tmut/Pois      ##..         4%          1

Your spell library contained the following spells:

 Spells                   Type           Power        Failure   Level
 Poisonous Vapours        Pois/Air       ##....       10%         2
 Ignite Poison            Fire/Tmut/Pois #.......     22%         3
 Mephitic Cloud           Conj/Pois/Air  #.......     26%         3
 Olgreb's Toxic Radiance  Pois           ###.....     26%         4


Dungeon Overview and Level Annotations

Branches:
Dungeon (3/15)

Altars:

Portals:
Abyss: D:3

Annotations:
D:3 2 transporters, Askman's ghost, amateur DsFi


Innate Abilities, Weirdness & Mutations

You cannot wear most types of armour.
You are very stealthy in the water. (Stealth+)
You are amphibious.
You can wear up to eight rings at the same time.
You can use your tentacles to constrict eight enemies at once.
Your skin changes colour to match your surroundings (Stealth+).
Your rubbery body absorbs attacks. (AC +1, EV +1)


Message History

Press: ? - help, Shift-Dir - straight line, f/p - goblin
Aim: a goblin, wielding a +0 hunting sling and quivering 20 stones (moderately wounded, poisoned)
You miscast Sting.
You are very lightly contaminated with residual magic.
Nothing appears to happen.
The goblin shoots a stone.
The stone hits you.
Unknown command.
The goblin shoots a stone.
The stone hits you but does no damage.
You see here a stone.
The goblin looks more healthy.
The goblin shoots a stone.
The stone hits you!
You see here a stone.
The goblin shoots a stone.
The stone hits you.
* * * LOW HITPOINT WARNING * * *
You see here a stone.
The goblin shoots a stone.
The stone barely misses you.
You see here a stone.
Your magical contamination has completely faded away.
A goblin is nearby!
There is a stone staircase leading down here.
The goblin shoots a stone.
The stone hits you!
You die...

#.###.##.).. 5#..#..#..# #..## #
..# #..#### ##..##.#.####.######
.#####...)####....###.#..........
...........##..$...©..........###
#..######...........#..###.##...#
#....# #.............###..####.#
..##...##............###..## .#
### ##.#.............# #.# # #
...#......@....#...##. #
#..##.................. .
.....#.........[...#####
..###................... ##
##..###.........[### #
##....##...#..####.# #.###.
#.....#..## ... ...#. ####g#...##
### #...##.......##


You could see a goblin.

Vanquished Creatures
  An ooze (D:1)
  A worm (D:2)
  A leopard gecko (D:2)
  8 bats
  2 giant cockroaches (D:1)
  5 goblins
  6 hobgoblins
  A quokka (D:3)
  5 frilled lizards
  5 kobolds
  6 rats
41 creatures vanquished.

Notes
Turn   | Place    | Note
-------+----------+-------------------------------------------
     0 | D:1      | Bobsilian the Octopode Venom Mage began the quest for the
                  | Orb.
     0 | D:1      | Reached XP level 1. HP: 11/11 MP: 3/3
   487 | D:1      | Reached skill level 4 in Poison Magic
   489 | D:1      | Reached XP level 2. HP: 13/17 MP: 0/5
  1578 | D:1      | Reached XP level 3. HP: 21/21 MP: 2/6
  3982 | D:3      | Noticed a small abomination
  4133 | D:3      | Found a transporter.
  4469 | D:3      | Noticed Askman's ghost (amateur DsFi)
  4479 | D:3      | Found a transporter.
  4479 | D:3      | Found a one-way gate to the infinite horrors of the Abyss.
  4688 | D:3      | Shot with a stone by a goblin

Illustrated notes

Levels and vault maps discovered:
D:1:      evilmike_arrival_hilbert_curve, layout_basic
D:2:      layout_basic
D:3:      layout_rooms, gammafunk_ghost_abyssal_escape

Skill      XL: |  1 |
---------------+----+-----
Poison Magic   | 4 |  4.6
Fighting       | |  0.2
Dodging        | |  2.1
Stealth        | |  2.7
Unarmed Combat | |  0.2
Spellcasting   | |  2.5
Transmutations | |  1.4

Action                   || total
-------------------------++-------
Melee: Unarmed           ||    14
       Constrict         ||     2
       Tentacles         ||     2
 Cast: Sting             ||    56
Armor: Skin              ||     8
Dodge: Dodged            ||    26

Table legend: (Time is in decaauts)
 A = Elapsed time spent in this place.
 B = Non-inter-level travel time spent in this place.
 C = Inter-level travel time spent in this place.
 D = Time resting spent in this place.
 E = Time spent auto-exploring this place.
 F = Levels seen in this place.
 G = Mean time per level.
                   A        B        C        D        E       F      G
               +--------+--------+--------+--------+--------+-----+--------+
         Total |   4690 |   3108 |   1582 |   2618 |      0 |   3 | 1563.3 |
       Dungeon |   4690 |   3108 |   1582 |   2618 |      0 |   3 | 1563.3 |
               +--------+--------+--------+--------+--------+-----+--------+

Top non-repeatable levels by time:
     D:1: 2068 daAuts
     D:2: 1726 daAuts
     D:3: 895 daAuts
